 Dungeon Crawl Stone Soup version 0.29-a0-892-g2c4c91d9db (console) character file.

Game seed: 16598767550489721321

1390 petzl the Sneak (level 9, -16/59 (65) HPs)
             Began as a Formicid Arcane Marksman on July 15, 2022.
             Was a Follower of Vehumet.
             Collided with a metal wall (17 damage)
             ... caused by a wretched star
             ... on level 1 of the Abyss on Aug 24, 2022.
             The game lasted 00:43:27 (10188 turns).

petzl the Sneak (Formicid Arcane Marksman)         Turns: 10188, Time: 00:43:28

HP:   -16/59 (65)   AC:  3    Str: 14    XL:     9   Next: 0%
MP:   14/14         EV: 12    Int: 14    God:    Vehumet [*.....]
Gold: 249           SH:  0    Dex: 10    Spells: 11/15 levels left

rFire   . . .      SeeInvis +   c - +10 war axe {chaos, rElec Will+, !f =f}
rCold   . . .      Faith    .   (no shield)
rNeg    . . .      Spirit   .   w - +0 leather armour
rPois   .          Reflect  .   (helmet unavailable)
rElec   +          Harm     .   (no cloak)
rCorr   .          Rampage  .   (no gloves)
Will    +....                   (no boots)
Stlth   ++........              (no amulet)
HPRegen 0.19/turn               (no ring)
MPRegen 0.14/turn               (no ring)

@: drained
A: permanent stasis, dig shafts and tunnels, antennae 3, four strong arms,
[clumsy 2], [dopey 2]
a: Dig, Shaft Self, Renounce Religion


You were on level 1 of the Abyss.
You worshipped Vehumet.
Vehumet was aware of your devotion.
You visited 2 branches of the dungeon, and saw 9 of its levels.
You visited the Abyss 1 time.

You collected 306 gold pieces.
You spent 57 gold pieces at shops.

Inventory:

Hand Weapons
 a - a +0 sling
 b - a +0 dagger of venom {!f =f}
 c - the +10 war axe "Qoetz" (weapon) {chaos, rElec Will+, !f =f}
   (You found it on level 7 of the Dungeon)

   Each time it hits an enemy it has a different, random effect.
   rElec:     It insulates you from electricity.
   Will:      It increases your willpower.
 k - a +1 rapier of flaming
 A - a +0 vorpal trident
Missiles
 m - 22 poisoned darts (quivered)
Armour
 w - a +0 leather armour (worn)
Magical Staves
 D - a staff of fire
Wands
 q - a wand of digging (1)
 y - a wand of mindburst (6)
 C - a wand of flame (26)
Scrolls
 d - a scroll of brand weapon {unknown}
 e - 2 scrolls of magic mapping
 f - 2 scrolls of fear {unknown}
 g - a scroll of noise {unknown}
 j - a scroll of blinking {unknown}
 l - 2 scrolls of poison
 n - 2 scrolls of enchant armour
 o - a scroll of vulnerability
 p - a scroll of enchant weapon {unknown}
 t - 2 scrolls of butterflies {unknown}
 u - a scroll of summoning {unknown}
Potions
 h - 2 potions of mutation {unknown}
 i - 2 potions of curing
 s - a potion of brilliance {unknown}
 v - a potion of resistance {unknown}
 x - a potion of might
 z - a potion of lignification {unknown}
 B - a potion of flight
 E - a potion of heal wounds {unknown}
 F - a potion of berserk rage {unknown}


   Skills:
 + Level 4.2 Fighting
 - Level 3.2 Ranged Weapons
 - Level 2.4 Armour
 - Level 2.9 Dodging
 + Level 4.7 Stealth
 + Level 3.8 Spellcasting
 * Level 3.3 Conjurations
 - Level 3.8 Hexes
 * Level 3.7 Fire Magic
 + Level 2.8 Evocations


You had 11 spell levels left.
You knew the following spells:

 Your Spells              Type           Power      Damage    Failure   Level
a - Slow                  Hex            52%        N/A       4%          1
f - Conjure Flame         Conj/Fire      12%        6-21      17%         3

Your spell library contained the following spells:

 Spells                   Type           Power      Damage    Failure   Level
 Foxfire                  Conj/Fire      48%        2x1d6     5%          1
 Inner Flame              Hex/Fire       13%        N/A       16%         3
 Portal Projectile        Hex/Tloc       16%        N/A       32%         3
 Cause Fear               Hex            6%         N/A       45%         4
 Flame Wave               Conj/Fire      12%        2d6       50%         4
 Fulminant Prism          Conj/Hex       6%         3d7       50%         4
 Gell's Gravitas          Tloc           2%         N/A       58%         3
 Teleport Other           Tloc           2%         N/A       58%         3
 Iskenderun's Mystic Bla  Conj/Tloc      7%         2d4       77%         4
 Lee's Rapid Deconstruct  Erth           1%         3d5*      100%        5
 Dispersal                Tloc           1%         N/A       100%        6


Dungeon Overview and Level Annotations

Branches:
Dungeon (8/15)             Temple (1/1) D:4
   Lair: D:8-11

Altars:
Ashenzari
Cheibriados
Fedhas
Gozag
Hepliaklqana
Kikubaaqudgha
Makhleb
Nemelex Xobeh
Okawaru
Ru
Sif Muna
Trog
Uskayaw
Vehumet
Wu Jian
Xom
Yredelemnul
Zin

Shops:
D:2 (

Annotations:
D:3 Sigmund
D:6 exclusion: sky beast
D:7 exclusions: downstairs and upstairs
D:8 exclusions: hornet and wyvern


Innate Abilities, Weirdness & Mutations

You cannot be hasted, slowed, berserked, paralysed or teleported.
You can dig through walls and to a lower floor.
You have a pair of large antennae on your head. (SInv)
Your four strong arms can wield two-handed weapons with a shield.
[You are very clumsy. (Dex -4)]
[You are very dopey. (Int -4)]


Message History

The ufetubus closely misses you. x2
The ufetubus hits you but does no damage.
The ufetubus attacks as you move away! The ufetubus barely misses you.
The ufetubus completely misses you. The ufetubus attacks as you move away!
The ufetubus hits you. The ufetubus closely misses you.
The ufetubus disappears in a puff of smoke!
The ufetubus closely misses you. The ufetubus hits you.
There is an open door here.
The ufetubus attacks as you move away! The ufetubus barely misses you.
The ufetubus closely misses you. The ufetubus attacks as you move away!
The ufetubus hits you but does no damage.
The ufetubus misses you. The ufetubus closely misses you.
The ufetubus barely misses you. The ufetubus attacks as you move away!
The ufetubus barely misses you.
The ufetubus hits you but does no damage.
The ufetubus barely misses you. The ufetubus hits you. The ufetubus misses you.
The ufetubus closely misses you.
The ufetubus disappears in a puff of smoke!
A large abomination comes into view.
A quasit comes into view.
A wretched star and a blizzard demon come into view.
A flying skull comes into view.
The wretched star pulses with an eldritch light!
You feel stupid. x2
The blizzard demon shouts!
The quasit gives a chilling moan.
You hear a hideous shriek! x2
The wretched star pulses with an eldritch light!
You feel clumsy. x2
A flying skull comes into view.
The blizzard demon waves its arms in wide circles.
The air twists around and strikes you!!
The blizzard demon attacks as you move away!
The blizzard demon closely misses you.
The blizzard demon hits you but does no damage.
The flying skull hits you.
The wretched star glows turbulently.
The lance of force hits you!!
* * * LOW HITPOINT WARNING * * *
You are knocked back by the lance of force.
You slam into the metal wall!
You die...

## #..## .## # # .#. ....
.. #.# ### ... ............
.. ... #.. #..##..##..# # #
##.#
#.#..##..##..##..###.##
#... .#....z........
...#.#.##.## ##
#.....z........X...#.......
.... #@.##..##..##. ...
..... .
#.{##5.##..##..##.#####. #
##
#.....2..*..X..............
#..................#####.#+
# .#..##..##..##..##.#
#{..ยง. . . #..
#..##..##..##..## . . ...
..............#.# . {......
..
..............#..#....... .
..##..##..##..## #.#...
.... .. #.. #..##..# .###'#
# # .. .... .... . #.. . .
.. .... # # Z.. .. # .. ..
.... . .# ### .. #.# #
..#.# # #.#.# #. . #


You could see a wretched star, a blizzard demon, 2 flying skulls and a quasit.

Vanquished Creatures
  A wyvern (D:8)
  Eustachio (D:5)
  2 water moccasins
  An ice beast (D:5)
  2 phantoms
  A kobold brigand (D:8)
  2 scorpions
  A howler monkey (D:5)
  2 hounds
  2 orc priests
  2 iguanas
  Ijyb (D:3)
  4 orc wizards
  4 adders
  2 white imps (D:6)
  2 ufetubi
  2 worms
  A dart slug (D:1)
  12 orcs
  9 endoplasms
  3 giant cockroaches
  7 goblins
  8 hobgoblins
  5 jackals
  2 quokkas
  5 ball pythons
  2 bats
  2 frilled lizards
  10 kobolds
  5 rats (D:1)
103 creatures vanquished.

Vanquished Creatures (others)
  An orc wizard (D:6)
1 creature vanquished.

Grand Total: 104 creatures vanquished

Notes
Turn   | Place    | Note
-------+----------+-------------------------------------------
     0 | D:1      | petzl the Formicid Arcane Marksman began the quest for the
                  | Orb.
     0 | D:1      | Reached XP level 1. HP: 15/15 MP: 2/2
     0 | D:1      | Upgraded the game from 0.29-a0-841-g116ddc6ace to
                  | 0.29-a0-892-g2c4c91d9db
   102 | D:1      | Reached XP level 2. HP: 21/21 MP: 3/3
   444 | D:1      | Reached XP level 3. HP: 27/27 MP: 5/5
  1183 | D:2      | Found an ancient bone altar of Kikubaaqudgha.
  1357 | D:2      | Found Byxkes's Weapon Boutique.
  1369 | D:2      | Bought a +0 dagger of venom for 57 gold pieces
  1379 | D:2      | Found a faded altar of an unknown god.
  1558 | D:2      | Reached skill level 1 in Stealth
  1884 | D:2      | Reached XP level 4. HP: 33/33 MP: 6/6
  2083 | D:2      | You fall into a shaft and drop 2 floors!
  2367 | D:4      | Reached skill level 1 in Armour
  2778 | D:4      | Found a staircase to the Ecumenical Temple.
  2787 | Temple   | Entered the Ecumenical Temple
  2894 | Temple   | Became a worshipper of Vehumet
  3310 | D:3      | Noticed a scorpion
  3315 | D:3      | You fall into a shaft and drop 1 floor!
  3558 | D:4      | Reached XP level 5. HP: 30/39 MP: 6/8
  3950 | D:3      | Noticed Sigmund
  4066 | D:3      | Noticed a phantom
  4077 | D:3      | You fall into a shaft and drop 2 floors!
  4077 | D:5      | Entered Level 5 of the Dungeon
  4268 | D:5      | Reached XP level 6. HP: 34/46 MP: 9/9
  4399 | D:5      | You fall into a shaft and drop 1 floor!
  4505 | D:6      | Found a sacrificial altar of Ru.
  4505 | D:6      | Found a broken altar of Ashenzari.
  4577 | D:6      | Found a sparkling altar of Nemelex Xobeh.
  4579 | D:6      | Found a glowing silver altar of Zin.
  4594 | D:6      | You fall into a shaft and drop 2 floors!
  4697 | D:8      | Noticed a wyvern
  4825 | D:8      | Noticed a hornet
  5123 | D:6      | Noticed an ice beast
  5291 | D:5      | Noticed Eustachio
  5769 | D:5      | Noticed an ice beast
  5774 | D:5      | You fall into a shaft and drop 3 floors!
  5925 | D:8      | Noticed a water moccasin
  5925 | D:8      | Noticed a steam dragon
  5952 | D:6      | Noticed a sky beast
  6513 | D:3      | You fall into a shaft and drop 1 floor!
  6802 | D:3      | Reached XP level 7. HP: 52/52 MP: 9/11
  6855 | D:3      | Reached * piety under Vehumet
  6855 | D:3      | Offered knowledge of Foxfire by Vehumet.
  6866 | D:3      | Learned a level 3 spell: Conjure Flame
  7172 | D:3      | Noticed Ijyb
  7175 | D:3      | Killed Ijyb
  7176 | D:3      | Reached skill level 1 in Evocations
  7953 | D:5      | Reached skill level 1 in Fire Magic
  8006 | D:5      | You fall into a shaft and drop 2 floors!
  8040 | D:7      | Identified the +10 war axe "Qoetz" {chaos, rElec Will+}
  8212 | D:7      | Reached skill level 1 in Conjurations
  8491 | D:5      | Noticed a water moccasin
  8494 | D:5      | You fall into a shaft and drop 3 floors!
  8567 | D:8      | Killed a wyvern
  8568 | D:8      | Reached XP level 8. HP: 38/59 MP: 12/12
  9113 | D:5      | You fall into a shaft and drop 1 floor!
  9259 | D:5      | You fall into a shaft and drop 1 floor!
  9846 | D:5      | Killed Eustachio
 10044 | Abyss:1  | Cast into level 1 of the Abyss (orc)
 10045 | Abyss:1  | Reached XP level 9. HP: 60/65 MP: 12/14
 10090 | Abyss:1  | Noticed a worldbinder
 10136 | Abyss:1  | Noticed a meliai
 10136 | Abyss:1  | a human changed into a meliai
 10181 | Abyss:1  | Noticed a wretched star
 10181 | Abyss:1  | Noticed a blizzard demon
 10188 | Abyss:1  | HP: 1/59 [wretched star/lance of force (21)]
 10188 | Abyss:1  | Collided with a metal wall

Illustrated notes

Levels and vault maps discovered:
D:1:      grunt_arrival_lava_bath, layout_basic, eino_curves_02
D:2:      layout_loops_corners, basic_altar, serial_shops, shop,
          shapermc_ecumenical_altar_mp_vishouse
D:3:      layout_basic, amcnicky_mini_corridor_feature, uniq_ijyb, uniq_sigmund
D:4:      layout_basic, minmay_temple_entry_mini_moons
D:5:      layout_layer_cave, uniq_eustachio, uniq_blork_the_orc
D:6:      layout_cave_pools, grunt_temple_overflow_open,
          serial_co_window_serial, co_window_cross_1,
          co_window_of_opportunity_a, co_window_corner_a, co_window_corner_a,
          co_window_of_opportunity_a, co_window_broadway_a, co_window_2corner,
          co_window_2corner, co_window_unsneaky_path_c, minmay_ruined_shrine
D:7:      old_forge, layout_basic
D:8:      layout_loops_ring, chequers_serial_rivers_micro_e
Temple:   minmay_crystal_spiral_temple
Abyss:1:  base:
D:3

Skill      XL: |  1  2  3  4  5  6  7  8 |
---------------+-------------------------+-----
Dodging        | 2 |  2.9
Fighting       | 2 3 4 |  4.2
Stealth        | 1 2 3 4 |  4.7
Armour         | 1 2 |  2.4
Spellcasting   | 2 3 |  3.8
Ranged Weapons | 3 |  3.2
Evocations     | 1 2 |  2.8
Fire Magic     | 2 3 |  3.7
Conjurations   | 2 3 |  3.3
Hexes          | |  3.8

Action                   |  1- 3 |  4- 6 |  7- 9 || total
-------------------------+-------+-------+-------++-------
Melee: Dagger            |    27 |   174 |    72 ||   273
       Punch             |       |     4 |       ||     4
       War axe           |       |       |    34 ||    34
 Fire: Sling             |    97 |    77 |    54 ||   228
Throw: Dart              |       |     4 |    25 ||    29
 Cast: Slow              |     4 |    32 |    27 ||    63
       Conjure Flame     |       |       |     2 ||     2
 Abil: Shaft Self        |       |     7 |     4 ||    11
       Dig               |       |       |     6 ||     6
Evoke: Wand              |       |       |    10 ||    10
  Use: Scroll            |       |       |     4 ||     4
       Potion            |       |       |     4 ||     4
 Stab: Sleeping          |     2 |     2 |     3 ||     7
       Confused          |       |       |     1 ||     1
Armor: Robe              |    14 |     5 |       ||    19
       Leather armour    |       |    20 |    21 ||    41
Dodge: Dodged            |    43 |   114 |    99 ||   256

Table legend: (Time is in decaauts)
 A = Elapsed time spent in this place.
 B = Non-inter-level travel time spent in this place.
 C = Inter-level travel time spent in this place.
 D = Time resting spent in this place.
 E = Time spent auto-exploring this place.
 F = Levels seen in this place.
 G = Mean time per level.
                   A        B        C        D        E       F      G
               +--------+--------+--------+--------+--------+-----+--------+
         Total |  10253 |   9607 |    646 |   3707 |   2945 |  10 | 1025.3 |
       Dungeon |   9931 |   9355 |    576 |   3707 |   2855 |   8 | 1241.4 |
        Temple |    177 |    107 |     70 |      0 |     90 |   1 |  177.0 |
         Abyss |    144 |    144 |      0 |      0 |      0 |   1 |  144.0 |
               +--------+--------+--------+--------+--------+-----+--------+

Top non-repeatable levels by time:
     D:4: 1701 daAuts
     D:3: 1409 daAuts
     D:5: 1401 daAuts
     D:2: 1299 daAuts
     D:1: 1178 daAuts
     D:6: 1108 daAuts
     D:8: 943 daAuts
     D:7: 888 daAuts
  Temple: 177 daAuts
 Abyss:1: 144 daAuts
